 Dungeon Crawl Stone Soup version 0.24-a0-67-ga78bd38 (webtiles) character file.

Game seed: 14707061970433493984

3322 Lanoc the Wallflower (level 9, -17/71 HPs)
             Began as a Demonspawn Gladiator on Feb 5, 2019.
             Was a Believer of Uskayaw.
             Demolished by Psyche
             ... wielding a +4 dagger of distortion
              (18 damage)
             ... on level 8 of the Dungeon.
             The game lasted 00:14:55 (6986 turns).

Lanoc the Wallflower (Demonspawn Gladiator)         Turns: 6986, Time: 00:14:56

Health: -17/71     AC: 18    Str: 20    XL:     9   Next: 71%
Magic:  14/14      EV: 18    Int:  9    God:    Uskayaw [**....]
Gold:   670        SH:  0    Dex: 20    Spells: 8/8 levels left

rFire    + + +     SeeInvis .   C - +0 hand axe of Bodily Harmony {chop, *Drain rF+++ MR+ Stlth-} (curse)
rCold    + . .     Gourm    .   (no shield)
rNeg     . . .     Faith    .   m - +3 leather armour
rPois    +         Spirit   .   (helmet restricted)
rElec    .         Reflect  .   (no cloak)
rCorr    .         Harm     .   B - +0 pair of gloves {Dex+3}
MR       ++...                  (no boots)
Stlth    ..........             l - amulet of the acrobat
HPRegen  0.21/turn              D - ring of protection from magic
MPRegen  0.14/turn              y - ring of poison resistance

@: no status effects
A: antennae 1, repulsion field 1, agile 1, cold resistance 1, icemail, powered
by death 2, strong 1, freezing cloud immunity
a: Stomp, Line Pass, Renounce Religion


You were on level 8 of the Dungeon.
You worshipped Uskayaw.
Uskayaw was noncommittal.
You were not hungry.

You visited 2 branches of the dungeon, and saw 9 of its levels.
You also visited: Ossuary.

You collected 670 gold pieces.

Inventory:

Hand Weapons
 a - a +1 war axe
 C - the cursed +0 hand axe of Bodily Harmony (weapon) {chop, *Drain rF+++ MR+ Stlth-}
   (You found it on level 5 of the Dungeon)

   It inflicts extra damage upon your enemies.
   It renders you almost immune to fire.
   It affects your resistance to hostile enchantments.
   It causes draining when unequipped.
   It makes you less stealthy.
   It has a curse placed upon it.
Missiles
 d - 4 throwing nets (quivered)
Armour
 m - a +3 leather armour (worn)
 B - a +0 pair of gloves of dexterity (worn)
Jewellery
 h - an uncursed ring of flight
 l - an amulet of the acrobat (around neck)
 y - a ring of poison resistance (right hand)
 D - a ring of protection from magic (left hand)
Wands
 i - a wand of clouds (7)
 k - a wand of random effects (19)
 A - a wand of acid (8)
 E - a wand of polymorph (6)
 F - a wand of scattershot (4)
 G - a wand of disintegration (11)
Scrolls
 b - 2 scrolls of amnesia {unknown}
 e - 4 scrolls of blinking
 g - 6 scrolls of remove curse
 o - a scroll of magic mapping {unknown}
 p - 2 scrolls of teleportation
 r - 3 scrolls of enchant weapon
 s - a scroll of enchant armour {unknown}
 u - a scroll of fog
 z - a scroll of immolation
Potions
 j - a potion of haste
 n - 2 potions of curing
 q - a potion of brilliance {unknown}
 t - a potion of magic {unknown}
 v - 2 potions of resistance
 w - 2 potions of invisibility
 x - 3 potions of ambrosia
Comestibles
 c - 6 chunks of flesh
 f - 20 rations


   Skills:
 + Level 6.5 Fighting
 * Level 6.2 Axes
 - Level 1.7 Throwing
 + Level 5.5 Armour
 + Level 6.2 Dodging
 * Level 7.9 Invocations


You had 8 spell levels left.
You didn't know any spells.
Your spell library contained the following spells:

 Spells                   Type           Power        Failure   Level  Hunger
 Confusing Touch          Hex            #.....       43%         1    ##.....
 Freeze                   Ice            #...         43%         1    ##.....
 Throw Frost              Conj/Ice       #.....       56%         2    ###....
 Confuse                  Hex            #.......     80%         3    ####...
 Gell's Gravitas          Tloc           #.........   80%         3    ####...
 Ozocubu's Armour         Chrm/Ice       #.......     80%         3    ####...
 Petrify                  Tmut/Erth      #.......     99%         4    #####..
 Summon Ice Beast         Ice/Summ       #.......     99%         4    #####..
 Throw Icicle             Conj/Ice       #.......     99%         4    #####..
 Metabolic Englaciation   Hex/Ice        #.........   100%        5    ######.
 Yara's Violent Unravell  Hex/Tmut       #.........   100%        5    ######.


Dungeon Overview and Level Annotations

Branches:
Dungeon (8/15)             Temple (1/1) D:5
   Lair: D:8-11

Altars:
Ashenzari
Cheibriados
Dithmenos
Elyvilon
Fedhas
Gozag
Hepliaklqana
Kikubaaqudgha
Makhleb
Nemelex Xobeh
Okawaru
Qazlal
Ru
Sif Muna
Trog
Uskayaw
Vehumet
Wu Jian
Xom
Yredelemnul
Zin
The Shining One

Annotations:
D:3 Terence
D:8 Psyche


Innate Abilities, Weirdness & Mutations

You have a pair of small antennae on your head.
You are surrounded by a mild repulsion field. (EV +2)
Your flesh is cold resistant. (rC+)
A meltable icy envelope protects you from harm. (AC +10)
You regenerate health from kills.
You are immune to freezing clouds.
You are agile. (Dex +2)
Your muscles are strong. (Str +2)


Message History

Something hits you but does no damage. Space warps horribly around you!!
* * * LOW HITPOINT WARNING * * *
The centaur shoots an arrow.
The arrow closely misses you. The hound closely misses you.
Something hits you but does no damage. Space bends around you.
* * * LOW HITPOINT WARNING * * *
The hound misses you. Something completely misses you.
The centaur shoots an arrow.
The arrow completely misses you.
You hear some strange, mumbled words.
A puff of frost appears from out of thin air!
The puff of frost hits you. You resist.
* * * LOW HITPOINT WARNING * * *
You feel better. Something hits you.
* * * LOW HITPOINT WARNING * * *
Space warps horribly around you!
* * * LOW HITPOINT WARNING * * *
The centaur shoots an arrow.
The arrow hits you but does no damage. Something hits you but does no damage.
Space warps horribly around you!!
You die...

#.#.#. ..c.. #...# ##
...# ##)###..#
##...#...##
#.....(...#++
#...%{........
##...@#........
#.....#......##
#............###
##.............##
##................
#.................
######....#...........
#........##..<........
#.########............


You could see a centaur.

Vanquished Creatures
  Pikel (D:7)
  A yak (D:7)
  3 hogs (D:7)
  A human (D:7)
  Purgy (D:3)
  An orc warrior (D:7)
  2 ice beasts
  2 slaves (D:7)
  A necrophage (D:5)
  A hornet zombie (D:6)
  An ogre (D:7)
  2 phantoms
  A centaur (D:7)
  A big kobold (D:7)
  2 bullfrogs
  A scorpion (D:6)
  5 wights (D:6)
  A howler monkey (D:6)
  2 crimson imps (D:7)
  2 centaur skeletons (D:6)
  A hound (D:4)
  2 bullfrog skeletons
  4 orc priests
  A gnoll shaman (D:5)
  Natasha (twice) (D:3)
  An orc wizard (D:4)
  3 worker ants
  8 mummies (Ossuary)
  8 gnolls (D:6)
  3 adders
  2 shadow imps
  4 dart slugs
  A leopard gecko (D:3)
  12 orcs
  5 giant cockroaches
  8 hobgoblins
  5 jackals
  9 kobolds
  2 quokkas
  A ball python skeleton (D:4)
  11 bats
  10 frilled lizards
  A gnoll zombie (Ossuary)
  6 goblins
  A hobgoblin zombie (Ossuary)
  5 kobold zombies (Ossuary)
  An orc zombie (Ossuary)
  A quokka skeleton (D:6)
  7 rats
157 creatures vanquished.

Vanquished Creatures (others)
  A crimson imp (D:7)
1 creature vanquished.

Grand Total: 158 creatures vanquished

Notes
Turn   | Place    | Note
-------+----------+-------------------------------------------
     0 | D:1      | Lanoc the Demonspawn Gladiator began the quest for the Orb.
     0 | D:1      | Reached XP level 1. HP: 16/16 MP: 1/1
    69 | D:1      | Gained mutation: You are surrounded by a mild repulsion
                  | field. (EV +2) [demonic ancestry]
    69 | D:1      | Reached XP level 2. HP: 18/22 MP: 2/2
   185 | D:1      | Reached skill level 1 in Armour
   390 | D:2      | Gained mutation: Your flesh is cold resistant. (rC+)
                  | [demonic ancestry]
   390 | D:2      | Reached XP level 3. HP: 23/28 MP: 3/3
  1375 | D:3      | Noticed Purgy
  1383 | D:3      | Gained mutation: You are agile. (Dex +2) [potion of
                  | mutation]
  1383 | D:3      | Gained mutation: Your muscles are strong. (Str +2) [potion
                  | of mutation]
  1401 | D:3      | Killed Purgy
  1401 | D:3      | Gained mutation: You regenerate a little health from kills.
                  | [demonic ancestry]
  1401 | D:3      | Reached XP level 4. HP: 8/35 MP: 4/4
  1401 | D:3      | Gained mutation: You are immune to freezing clouds.
                  | [demonic ancestry]
  1401 | D:3      | Reached XP level 5. HP: 10/41 MP: 5/5
  1673 | D:3      | Noticed Terence
  1853 | D:3      | Noticed Natasha
  1861 | D:3      | Killed Natasha
  2148 | D:3      | Noticed Natasha
  2154 | D:3      | Killed Natasha
  2637 | D:4      | Found a sand-covered staircase.
  2646 | Ossuary  | Entered an ossuary
  2673 | Ossuary  | Reached XP level 6. HP: 48/48 MP: 6/6
  3727 | D:5      | Entered Level 5 of the Dungeon
  3741 | D:5      | Gained mutation: A meltable icy envelope protects you from
                  | harm. (AC +10) [demonic ancestry]
  3741 | D:5      | Reached XP level 7. HP: 52/54 MP: 7/7
  3980 | D:5      | Noticed an angel
  3981 | D:5      | Found a glowing silver altar of Zin.
  4036 | D:5      | Found a staircase to the Ecumenical Temple.
  4047 | D:5      | Got a jewelled hand axe
  4048 | D:5      | Identified the cursed +0 hand axe of Bodily Harmony {chop,
                  | *Drain rF+++ MR+ Stlth-} (You found it on level 5 of the
                  | Dungeon)
  4069 | Temple   | Entered the Ecumenical Temple
  4174 | Temple   | Became a worshipper of Uskayaw the Reveler
  4483 | D:5      | Reached * piety under Uskayaw
  4484 | D:5      | Reached ** piety under Uskayaw
  5008 | D:6      | Reached skill level 1 in Invocations
  5046 | D:6      | Reached *** piety under Uskayaw
  5049 | D:6      | Reached **** piety under Uskayaw
  5050 | D:6      | Reached skill level 5 in Fighting
  5050 | D:6      | Reached skill level 5 in Dodging
  5050 | D:6      | Reached skill level 2 in Invocations
  5056 | D:6      | Reached ***** piety under Uskayaw
  5070 | D:5      | Reached skill level 3 in Invocations
  5080 | D:5      | Gained mutation: You regenerate health from kills. [demonic
                  | ancestry]
  5080 | D:5      | Reached XP level 8. HP: 34/61 MP: 10/10
  5214 | D:6      | Reached skill level 4 in Invocations
  5589 | D:6      | Reached skill level 5 in Invocations
  6155 | D:7      | Reached skill level 5 in Axes
  6159 | D:7      | Reached skill level 6 in Invocations
  6189 | D:7      | Gained mutation: You have a pair of small antennae on your
                  | head. [demonic ancestry]
  6189 | D:7      | Reached XP level 9. HP: 53/68 MP: 13/13
  6379 | D:7      | Noticed Pikel
  6408 | D:7      | Killed Pikel
  6408 | D:7      | Reached skill level 5 in Armour
  6675 | D:7      | Reached skill level 7 in Invocations
  6974 | D:8      | Noticed Psyche
  6986 | D:8      | HP: 1/71 [something (11)]
  6986 | D:8      | Demolished by Psyche

Vault maps used:
D:1:      roderic_dead_forest
D:2:      first_ration
D:3:      uniq_ijyb, uniq_purgy, uniq_natasha, uniq_terence
D:4:      cheibrodos_pilgrimage, nicolae_ossuary_entry_monument
D:5:      zin_angel, minmay_temple_entry_offerings
D:6:      serial_co_window_serial, co_window_of_opportunity_a,
          co_window_paths_b, co_window_of_opportunity_a,
          co_window_of_opportunity_a, co_window_corner_a, co_window_paths_a,
          co_window_paths_b, co_window_of_opportunity_b, co_window_broadway_a,
          co_window_of_opportunity_b, co_window_sun, glass_columns_a,
          glass_columns_b, glass_columns_a, glass_columns_c, serial_bayou_pond_a
D:7:      grunt_livestock, uniq_pikel
D:8:      kennysheep_big_flooded_room, serial_gnoll_camp, gnoll_camp_mini_basic,
          gnoll_camp_mini_hut, gnoll_camp_mini_doghouse, gnoll_camp_medium_02,
          gnoll_camp_medium_01, gnoll_camp_mini_house, serial_bayou_lagoon_a,
          uniq_prince_ribbit1, uniq_psyche
Temple:   kilobyte_greek_temple
Ossuary:  ossuary_tomb_3

Skill      XL: |  1  2  3  4  5  6  7  8  9 |
---------------+----------------------------+-----
Dodging        | 3 4 5 6 |  6.2
Armour         | 1 2 3 4 5 |  5.5
Fighting       | 3 4 5 6 |  6.5
Invocations    | 3 6 7 |  7.9
Axes           | 3 5 6 |  6.2
Throwing       | |  1.7

Action                   |  1- 3 |  4- 6 |  7- 9 || total
-------------------------+-------+-------+-------++-------
Melee: War axe           |   132 |   149 |       ||   281
       Hand axe          |       |       |   279 ||   279
  Use: Potion            |     4 |       |     2 ||     6
       Scroll            |       |     8 |     4 ||    12
 Stab: Sleeping          |       |     1 |       ||     1
       Distracted        |       |     1 |       ||     1
       Paralysed         |       |       |    45 ||    45
  Eat: Chunk             |       |     6 |     7 ||    13
       Ration            |       |     1 |     1 ||     2
Armor: Leather armour    |    28 |    19 |   124 ||   171
       Skin              |    34 |       |       ||    34
Dodge: Dodged            |   148 |   154 |   350 ||   652

Table legend:
 A = Non-vault XP
 B = Vault XP
 C = Vault XP percentage of total XP
 D = Non-vault monster count
 E = Vault monster count
 F = Vault count percentage of total count
                 A         B        C        D         E       F
            +---------+---------+-------+---------+---------+-------
      Total |    2761 |    1986 |  41.8 |     126 |      30 |  19.2
            +---------+---------+-------+---------+---------+-------
        D:1 |      40 |       0 |   0.0 |      22 |       0 |   0.0
        D:2 |      50 |       0 |   0.0 |      21 |       0 |   0.0
        D:3 |      66 |     173 |  72.4 |      12 |       2 |  14.3
        D:4 |     166 |      56 |  25.2 |      13 |       6 |  31.6
        D:5 |     486 |       0 |   0.0 |       7 |       0 |   0.0
        D:6 |     995 |       0 |   0.0 |      27 |       0 |   0.0
        D:7 |     958 |    1604 |  62.6 |      24 |       6 |  20.0
    Ossuary |       0 |     153 | 100.0 |       0 |      16 | 100.0
            +---------+---------+-------+---------+---------+-------
